 Dungeon Crawl Stone Soup version 0.26-a0-597-gb535b0901c (webtiles) character file.

Game seed: 6392100024914697440

877 Maize the Cleaver (level 7, -3/96 HPs)
             Began as a Minotaur Berserker on Aug 26, 2020.
             Was a Priest of Trog.
             Slain by an orc warrior
             ... wielding a +0 trident
              (8 damage)
             ... on level 5 of the Dungeon.
             The game lasted 00:07:40 (4029 turns).

Maize the Cleaver (Minotaur Berserker)              Turns: 4029, Time: 00:07:40

Health: -3/96      AC: 15    Str: 24    XL:     7   Next: 75%
Magic:  6/6        EV: 10    Int:  4    God:    Trog [***...]
Gold:   235        SH:  0    Dex:  9    Spells: 6/6 levels left

rFire    + . .     SeeInvis .   s - +0 war axe
rCold    x . .     Faith    .   (no shield)
rNeg     . . .     Spirit   .   f - +0 scale mail
rPois    .         Reflect  .   (helmet restricted)
rElec    .         Harm     .   g - +0 cloak
rCorr    .                      q - +2 pair of gloves
MR       ++...                  p - +2 pair of boots
Stlth    ..........             (no amulet)
HPRegen  1.26/turn              t - ring of fire
MPRegen  0.10/turn              l - ring of stealth

@: berserking, regenerating, very quick
A: retaliatory headbutt, horns 2
a: Berserk, Trog's Hand, Renounce Religion


You were on level 5 of the Dungeon.
You worshipped Trog.
Trog was most pleased with you.
You visited 1 branch of the dungeon, and saw 5 of its levels.
You also visited: Sewer.

You collected 235 gold pieces.

Inventory:

Hand Weapons
 s - a +0 war axe (weapon)
Armour
 f - a +0 scale mail (worn)
 g - a +0 cloak (worn)
 p - a +2 pair of boots (worn)
 q - a +2 pair of gloves (worn)
Jewellery
 e - an uncursed ring of ice
 l - a ring of stealth (right hand)
 t - a ring of fire (left hand)
Scrolls
 a - a scroll of enchant weapon {unknown}
 b - a scroll of noise {unknown}
 d - 4 scrolls of teleportation {unknown}
 j - 6 scrolls of identify {unknown}
 k - 3 scrolls of remove curse {unknown}
 m - a scroll of blinking {unknown}
 u - a scroll of fear {unknown}
Potions
 c - 3 potions of curing
 h - 4 potions of flight
 i - a potion of stabbing
 n - 3 potions of brilliance
 o - 2 potions of degeneration {unknown}
 r - a potion of heal wounds {unknown}
 v - a potion of lignification {unknown}
 w - a potion of cancellation {unknown}


   Skills:
 + Level 6.3 Fighting
 * Level 8.3 Axes
 + Level 5.8 Armour
 - Level 2.1 Dodging


You had 6 spell levels left.
You didn't know any spells.
Your spell library was empty.

Dungeon Overview and Level Annotations

Branches:
Dungeon (5/15)              Sewer (visited)
 Temple: D:4-7

Altars:
Ashenzari
Fedhas


Innate Abilities, Weirdness & Mutations

You reflexively headbutt those who attack you in melee.
You have a pair of horns on your head.


Message History

The ice beast hits you but does no damage.
You barely miss the ice beast.
The ice beast is almost dead.
The ice beast barely misses you.
The orc warrior hits you from afar with a +0 trident!
* * * LOW HITPOINT WARNING * * *
A red film seems to cover your vision as you go berserk!
You feel yourself moving faster!
You feel mighty! The ice beast closely misses you. You furiously retaliate!
You headbutt the ice beast.
You feel the power of Trog in you as your rage grows.
You kill the ice beast!
Trog accepts your kill.
You feel a strong urge to attack something.
The orc warrior hits you but does no damage.
Items here: ( )) [[ †.
You slash the orc warrior! You headbutt the orc warrior!
The orc warrior is severely wounded.
The orc warrior hits you with a +0 trident!
You die...

.....# #....†...#
#..###........#######
#######>............'......
#..........#........#######
#..........#.............#
#..........#.#######.###.#
#..........#.# +#
#..........#+#####
########+#@.......
#o....... #))......
'........ ##........
......... #........
......... .#....###


You could see an orc warrior.

Vanquished Creatures
  Sigmund (D:2)
  A water moccasin (D:5)
  An ice beast (D:5)
  A phantom (D:4)
  A scorpion (D:4)
  A howler monkey (D:4)
  2 bullfrog skeletons (D:4)
  An orc wizard (D:5)
  Terence (D:3)
  A worker ant (D:4)
  A hound skeleton (D:5)
  4 adders
  A river rat (D:3)
  3 oozes (Sewer)
  7 worms
  2 dart slugs (D:1)
  7 leopard geckos
  9 orcs
  14 bats
  4 giant cockroaches
  5 goblins
  7 hobgoblins
  4 jackals (Sewer)
  5 ball pythons
  4 frilled lizards
  6 kobolds
  A quokka zombie (D:5)
  8 rats
103 creatures vanquished.

Notes
Turn   | Place    | Note
-------+----------+-------------------------------------------
     0 | D:1      | Maize the Minotaur Berserker began the quest for the Orb.
     0 | D:1      | Reached XP level 1. HP: 19/19 MP: 0/0
    50 | D:1      | Reached skill level 4 in Axes
   111 | D:1      | Reached XP level 2. HP: 24/27 MP: 1/1
   577 | D:1      | Reached XP level 3. HP: 33/33 MP: 2/2
   721 | D:2      | Reached ** piety under Trog
  1163 | D:2      | Noticed Sigmund
  1175 | D:2      | Killed Sigmund
  1175 | D:2      | Reached skill level 6 in Axes
  1175 | D:2      | Reached XP level 4. HP: 40/41 MP: 3/3
  1175 | D:2      | Reached XP level 5. HP: 46/47 MP: 4/4
  1342 | D:2      | Reached skill level 5 in Fighting
  1759 | D:3      | Found a blossoming altar of Fedhas.
  1901 | D:3      | Found a glowing drain.
  1918 | D:3      | Reached XP level 6. HP: 54/56 MP: 5/5
  1922 | Sewer    | Entered a sewer
  2097 | Sewer    | Reached *** piety under Trog
  2749 | D:3      | Noticed Terence
  2751 | D:3      | Killed Terence
  2990 | D:4      | Reached skill level 7 in Axes
  3013 | D:4      | Reached skill level 5 in Armour
  3313 | D:4      | Reached XP level 7. HP: 62/62 MP: 6/6
  3399 | D:4      | Found a shattered altar of Ashenzari.
  3806 | D:5      | Entered Level 5 of the Dungeon
  3963 | D:5      | Reached skill level 8 in Axes
  4026 | D:5      | HP: 1/63 [orc warrior/+0 trident (9)]
  4029 | D:5      | Slain by an orc warrior

Illustrated notes

Levels and vault maps discovered:
D:1:      lightli_arrival_boilingwater, layout_rooms, serial_park_tiny_2
D:2:      layout_loops_corners, minmay_statues_item, uniq_sigmund
D:3:      layout_loops_cross, cheibrodos_sewer_entry_sluice, fedhas_altar_2,
          uniq_terence
D:4:      layout_loops_ring, nicolae_overflow_crystal_walls
D:5:      layout_basic, minmay_temple_entry_wispy, gammafunk_ghost_cemetery,
          minmay_misc_feat_square

Skill      XL: |  1  2  3  4  5  6  7 |
---------------+----------------------+-----
Axes           | 4 6 7 8 |  8.3
Fighting       | 4 5 6 |  6.3
Armour         | 3 4 5 |  5.8
Dodging        | |  2.1

Action                   |  1- 3 |  4- 6 |  7- 9 || total
-------------------------+-------+-------+-------++-------
Melee: Hand axe          |    74 |    85 |       ||   159
       Headbutt          |    14 |    18 |     7 ||    39
       War axe           |       |    19 |    32 ||    51
Invok: Berserk           |     1 |     2 |     1 ||     4
       Trog's Hand       |       |       |     1 ||     1
  Use: Potion            |       |     4 |       ||     4
Armor: Animal skin       |     3 |       |       ||     3
       Scale mail        |    21 |    88 |    26 ||   135
Dodge: Dodged            |    40 |    86 |    23 ||   149

Table legend: (Time is in decaauts)
 A = Elapsed time spent in this place.
 B = Non-inter-level travel time spent in this place.
 C = Inter-level travel time spent in this place.
 D = Time resting spent in this place.
 E = Time spent auto-exploring this place.
 F = Levels seen in this place.
 G = Mean time per level.
                   A        B        C        D        E       F      G
               +--------+--------+--------+--------+--------+-----+--------+
         Total |   4192 |   4109 |     83 |    342 |   2855 |   6 |  698.7 |
       Dungeon |   3556 |   3473 |     83 |    292 |   2513 |   5 |  711.2 |
         Sewer |    636 |    636 |      0 |     50 |    342 |   1 |  636.0 |
               +--------+--------+--------+--------+--------+-----+--------+

Top non-repeatable levels by time:
     D:2: 1090 daAuts
     D:4: 927 daAuts
     D:3: 681 daAuts
   Sewer: 636 daAuts
     D:1: 631 daAuts
     D:5: 225 daAuts
